 Dungeon Crawl Stone Soup version 0.24-a0-458-gfcb5e6d (webtiles) character file.

Game seed: 4788099371282608990

222 GandaPestile the Covered (level 5, -3/47 HPs)
             Began as a Minotaur Fighter on June 27, 2019.
             Was an Initiate of the Shining One.
             Slain by a gnoll
             ... wielding a +0 halberd
              (9 damage)
             ... on level 4 of the Dungeon.
             The game lasted 00:09:21 (2755 turns).

GandaPestile the Covered (Minotaur Fighter)         Turns: 2755, Time: 00:09:22

Health: -3/47      AC:  8    Str: 22    XL:     5   Next: 66%
Magic:  4/4        EV:  7    Int:  5    God:    the Shining One [......]
Gold:   177        SH:  9    Dex:  9    Spells: 4/4 levels left

rFire    . . .     SeeInvis .   a - +0 war axe
rCold    . . .     Gourm    .   c - +0 shield
rNeg     . . .     Faith    .   b - +0 scale mail
rPois    .         Spirit   .   (helmet restricted)
rElec    .         Reflect  .   (no cloak)
rCorr    .         Harm     .   q - +0 pair of gloves
MR       .....                  (no boots)
Stlth    ..........             (no amulet)
HPRegen  0.15/turn              (no ring)
MPRegen  0.09/turn              (no ring)

@: about to teleport, glowing
A: retaliatory headbutt, horns 2
a: Renounce Religion


You were on level 4 of the Dungeon.
You worshipped the Shining One.
The Shining One was noncommittal.
You were not hungry.

You visited 1 branch of the dungeon, and saw 4 of its levels.

You collected 177 gold pieces.

Inventory:

Hand Weapons
 a - a +0 war axe (weapon)
Armour
 b - a +0 scale mail (worn)
 c - a +0 shield (worn)
 k - a +0 chain mail
 q - a +0 pair of gloves (worn)
Jewellery
 g - an uncursed ring of fire {unknown}
Wands
 p - a wand of disintegration (18)
Scrolls
 j - a scroll of teleportation
 m - a scroll of enchant weapon {unknown}
 o - 3 scrolls of identify {unknown}
 r - a scroll of magic mapping {unknown}
Potions
 d - a potion of might
 e - a potion of resistance {unknown}
 h - a potion of magic {unknown}
 i - 2 potions of curing {unknown}
 l - a potion of cancellation {unknown}
 n - 2 potions of degeneration {unknown}
 s - a potion of lignification {unknown}
Comestibles
 f - 6 rations


   Skills:
 + Level 4.8 Fighting
 * Level 4.7 Axes
 + Level 4.8 Armour
 + Level 4.7 Shields


You had 4 spell levels left.
You didn't know any spells.
Your spell library was empty.

Dungeon Overview and Level Annotations

Branches:
Dungeon (4/15)
 Temple: D:4-7

Altars:
Xom
The Shining One


Innate Abilities, Weirdness & Mutations

You reflexively headbutt those who attack you in melee.
You have a pair of horns on your head.


Message History

You are held in a net!
You are held in a net!
The gnoll hits you with a +6 spear. The gnoll hits you but does no damage.
You are held in a net!
You struggle against the net.
The gnoll hits you with a +6 spear. The gnoll hits you but does no damage.
You struggle against the net.
The gnoll hits you with a +0 flail. The gnoll hits you with a +6 spear!
The gnoll hits you but does no damage.
You struggle against the net.
The gnoll hits you with a +0 flail! The gnoll hits you but does no damage.
The gnoll hits you from afar with a +0 halberd.
You rip the net and break free!
You block the gnoll's attack. The gnoll hits you with a +0 flail.
* * * LOW HITPOINT WARNING * * *
As you read the scroll of teleportation, it crumbles to dust.
You feel strangely unstable. You block the gnoll's attack.
The gnoll hits you but does no damage. The gnoll hits you with a +0 flail!
* * * LOW HITPOINT WARNING * * *
The gnoll hits you from afar with a +0 halberd!
You die...

.. ..# ## #..#
g##.. ...#
###gg#
#####..g##
#.....@..##
##...####....##
#.# #.....##.
#.# ##........
#.# ##.###.....
#.##..# .....
#...## #.... #
#...## .... ##
#>
##....###...##
#..##


You could see 4 gnolls.

Vanquished Creatures
  An iguana (D:3)
  A worker ant (D:4)
  Robin (D:2)
  5 adders
  2 oozes
  5 dart slugs
  2 worms (D:2)
  4 leopard geckos
  An orc (D:3)
  3 giant cockroaches
  15 hobgoblins
  A jackal (D:2)
  3 quokkas
  14 bats
  3 frilled lizards (D:2)
  12 goblins
  7 kobolds
  8 rats
88 creatures vanquished.

Notes
Turn   | Place    | Note
-------+----------+-------------------------------------------
     0 | D:1      | GandaPestile the Minotaur Fighter began the quest for the
                  | Orb.
     0 | D:1      | Reached XP level 1. HP: 19/19 MP: 0/0
    75 | D:1      | Reached XP level 2. HP: 25/27 MP: 1/1
   488 | D:1      | Reached XP level 3. HP: 33/33 MP: 2/2
   863 | D:2      | Found a shimmering altar of Xom.
   864 | D:2      | Found a shimmering altar of Xom.
   864 | D:2      | Found a shimmering altar of Xom.
   864 | D:2      | Found a shimmering altar of Xom.
   933 | D:2      | Noticed Robin
   956 | D:2      | Reached XP level 4. HP: 33/40 MP: 3/3
   988 | D:2      | Killed Robin
  1805 | D:3      | Reached XP level 5. HP: 47/47 MP: 4/4
  1840 | D:3      | Found a glowing golden altar of the Shining One.
  1970 | D:3      | Became a worshipper of the Shining One
  2755 | D:4      | Slain by a gnoll

Levels and vault maps discovered:
D:1:      saegor_arrival_simple_d, layout_loops_ring
D:2:      layout_loops_cross, xom_redecorated, st_stairs_4, uniq_robin
D:3:      layout_rooms, tso_metal_star, hangedman_decor_opposing,
          minmay_tree_intersection, roderic_lattice_a
D:4:      layout_layer_cave, minmay_hedge_maze, uniq_natasha

Skill      XL: |  1  2  3  4 |
---------------+-------------+-----
Fighting       | 4 |  4.8
Axes           | 3 4 |  4.7
Armour         | 4 |  4.8
Shields        | 4 |  4.7

Action                   |  1- 3 |  4- 6 || total
-------------------------+-------+-------++-------
Melee: War axe           |    80 |    92 ||   172
       Headbutt          |     9 |    13 ||    22
  Use: Scroll            |     3 |     2 ||     5
  Eat: Chunk             |       |     4 ||     4
       Ration            |       |     1 ||     1
Armor: Scale mail        |    52 |    49 ||   101
Dodge: Dodged            |    27 |    35 ||    62
Block: Shield            |    49 |    67 ||   116

Table legend:
 A = Non-vault XP
 B = Vault XP
 C = Vault XP percentage of total XP
 D = Non-vault monster count
 E = Vault monster count
 F = Vault count percentage of total count
                 A         B        C        D         E       F
            +---------+---------+-------+---------+---------+-------
      Total |     260 |      58 |  18.2 |      71 |      17 |  19.3
            +---------+---------+-------+---------+---------+-------
        D:1 |      41 |       0 |   0.0 |      25 |       0 |   0.0
        D:2 |      76 |      58 |  43.3 |      25 |      17 |  40.5
        D:3 |      87 |       0 |   0.0 |      16 |       0 |   0.0
        D:4 |      56 |       0 |   0.0 |       5 |       0 |   0.0
            +---------+---------+-------+---------+---------+-------
